 Dungeon Crawl Stone Soup version 0.31-a0-1338-gb567cfdca4 (webtiles) character file.

Game seed: 10657166219037088179

3549 Momosog the Carver (level 10, -1/86 HPs)
             Began as a Hill Orc Fighter on Dec 21, 2023.
             Was a Priest of Fedhas.
             Slain by an orc warrior
             ... wielding a +0 scimitar
             ... led by an orc knight
              (5 damage)
             ... on level 7 of the Dungeon on Dec 22, 2023.
             The game lasted 01:18:11 (6914 turns).

Momosog the Carver (Hill Orc Fighter)               Turns: 6914, Time: 01:18:14

Health: -1/86      AC: 13    Str: 20    XL:     10   Next: 9%
Magic:  0/10       EV: 11    Int: 10    God:    Fedhas [***...]
Gold:   287        SH:  5    Dex: 12    Spells: 9/9 levels left

rFire   . . .        o - +4 falchion
rCold   . . .        c - +0 buckler
rNeg    . . .        b - +2 scale mail
rPois   +            (no helmet)
rElec   .            g - +1 cloak
rCorr   .            k - +0 pair of gloves
SInv    .            (no boots)
Will    .....        n - amulet of guardian spirit Stlth
                     q - ring of poison resistance
HPRegen 0.34/turn    (no ring)
MPRegen 0.12/turn

%: guardian spirit
@: about to teleport
A: no striking features
a: Renounce Religion, Wall of Briars, Grow Ballistomycete


You were on level 7 of the Dungeon.
You worshipped Fedhas.
Fedhas was most pleased with you.
You visited 1 branch of the dungeon, and saw 8 of its levels.

You collected 323 gold pieces.
You spent 36 gold pieces at shops.

Inventory:

Hand Weapons
 a - a +1 long sword
 o - a +4 falchion (weapon)
 p - a +4 short sword
 r - a +2 spear
 s - a +4 battleaxe of freezing
 y - a +2 heavy sling
 z - a +2 dagger of protection
Missiles
 h - 12 stones (quivered)
 D - 2 silver javelins
 F - a throwing net
Armour
 b - a +2 scale mail (worn)
 c - a +0 buckler (worn)
 f - a +2 robe of cold resistance
 g - a +1 cloak (worn)
 k - a +0 pair of gloves (worn)
 x - an orb of light
Jewellery
 n - an amulet of guardian spirit (around neck)
 q - a ring of poison resistance (left hand)
Wands
 j - a wand of mindburst (9)
 m - a wand of paralysis (7)
 u - a wand of polymorph (4)
 G - a wand of flame (18)
Scrolls
 e - 3 scrolls of teleportation
 i - a scroll of poison {unknown}
 l - 2 scrolls of blinking
 t - a scroll of vulnerability {unknown}
 v - a scroll of fear {unknown}
 A - a scroll of amnesia {unknown}
 B - a scroll of brand weapon {unknown}
Potions
 d - a potion of might
 w - a potion of magic {unknown}
 C - a potion of resistance {unknown}
 E - 2 potions of lignification {unknown}


   Skills:
 + Level 7.5 Fighting
 + Level 9.8 Long Blades
 + Level 2.7 Throwing
 + Level 7.3 Armour
 + Level 3.7 Dodging
 + Level 0.6 Stealth
 + Level 5.6 Shields
 + Level 0.7 Unarmed Combat
 + Level 1.5 Evocations


You had 9 spell levels left.
You didn't know any spells.
Your spell library contained the following spells:

 Spells                   Type           Power      Damage    Failure   Level
 Freeze                   Ice            0%         1d3       75%         1
 Kiss of Death            Conj/Necr      0%         2d5       75%         1
 Magic Dart               Conj           0%         1d3       75%         1
 Blink                    Tloc           0%         N/A       87%         2
 Call Imp                 Summ           0%         N/A       87%         2
 Scorch                   Fire           0%         2d5       87%         2
 Sublimation of Blood     Necr           0%         N/A       87%         2
 Confusing Touch          Hex            0%         N/A       98%         3
 Frozen Ramparts          Ice            0%         1d1       98%         3
 Hailstorm                Conj/Ice       0%         3d5       98%         3
 Dispel Undead            Necr           0%         3d6       100%        4
 Flame Wave               Conj/Fire      0%         2d4       100%        4
 Summon Forest            Summ/Tloc      0%         N/A       100%        5
 Eringya's Noxious Bog    Alch           0%         4d6       100%        6
 Summon Cactus Giant      Summ           0%         N/A       100%        6
 Haunt                    Necr/Summ      0%         N/A       100%        7
 Summon Hydra             Summ           0%         N/A       100%        7
 Borgnjor's Revivificati  Necr           0%         N/A       100%        8
 Death's Door             Necr           0%         N/A       100%        9


Dungeon Overview and Level Annotations

Branches:
Dungeon (8/15)             Temple (0/1) D:5
   Lair: D:8-11

Altars:
Ashenzari
Elyvilon
Fedhas
Makhleb
Nemelex Xobeh
Okawaru
Xom

Shops:
D:6 (   D:7 (


Message History

You throw a stone.
The stone hits the orc knight but does no damage.
The orc knight is moderately wounded.
The orc knight closely misses you.
The orc knight roars a battlecry!
The orc goes into a battle-frenzy!
Things that are here:
a +0 war axe; a +0 plate armour You hit the orc knight but do no damage.
The orc knight is moderately wounded.
The orc knight closely misses you. The orc attacks as it pursues you!
You block the orc's attack.
You hit the orc but do no damage. The orc knight closely misses you.
You barely miss the orc warrior.
The orc knight hits you from afar with a +2 halberd of flaming!
The orc knight burns you.
You hit the orc warrior.
The orc warrior is lightly wounded.
The orc knight hits you but does no damage.
You block the orc warrior's attack.
You hit the orc warrior.
The orc warrior is lightly wounded.
The orc knight closely misses you.
The orc warrior hits you with a +0 scimitar!
You hit the orc warrior but do no damage.
The orc warrior is lightly wounded.
The orc knight hits you from afar with a +2 halberd of flaming!
* * * LOW HITPOINT WARNING * * *
The orc knight burns you.
* * * LOW HITPOINT WARNING * * *
The orc warrior hits you but does no damage.
As you read the scroll of teleportation, it crumbles to dust.
You feel strangely unstable.
The orc knight hits you from afar with a +2 halberd of flaming.
* * * LOW HITPOINT WARNING * * *
The orc knight burns you.
* * * LOW HITPOINT WARNING * * *
The orc warrior hits you with a +0 scimitar.
You die...
Fedhas appreciates your contribution to the ecosystem.

###...##.#.# #. #.......##.###
##. ### #............##### #..
###.## #.............#..#####.
#....## #..................####
###.#.#####.................###..
#..#.#..............####...####.
#.......#####+#####.............
##...#####....oo@..#####.........
#..### #.###o###.# ###..<#...
..## #.#).. #.# ##..#... .##
#####.##.. #.##### ##..... .#
##.....#(.. #.....## #...## ##
##..###.##.. #.###..## ##.## #
#..## #.#(.. #.# ##..# #.## #
#.## #.#######.# ##.# #..## # #.#
#.........# #.# #..##


You could see an orc knight, an orc warrior (strong) and an orc (strong).

Vanquished Creatures
  A cyclops (D:6)
  Jeremiah (D:6)
  Grinder (D:2)
  A wyvern (D:7)
  2 yaks
  A water moccasin (D:7)
  An orc warrior (D:7)
  2 black bears
  An ogre (D:4)
  4 centaurs
  A phantom (D:7)
  3 scorpions
  7 wights
  A howler monkey (D:7)
  5 hounds
  A jelly (D:6)
  3 orc priests
  4 iguanas
  Ijyb (D:3)
  Terence (D:3)
  6 orc wizards
  7 adders
  4 gnolls (D:5)
  A shadow imp (D:5)
  A white imp (D:7)
  4 ufetubi
  4 worms
  5 dart slugs
  24 orcs
  11 ball pythons
  8 bats
  5 endoplasms
  3 giant cockroaches
  3 goblins (D:4)
  8 hobgoblins
  3 quokkas
  5 frilled lizards
  6 kobolds
  3 rats
153 creatures vanquished.

Vanquished Creatures (others)
  A sleepcap (D:7)
1 creature vanquished.

Grand Total: 154 creatures vanquished

Notes
Turn   | Place    | Note
-------+----------+-------------------------------------------
     0 | D:1      | Momosog the Hill Orc Fighter began the quest for the Orb.
     0 | D:1      | Reached XP level 1. HP: 19/19 MP: 1/1
   205 | D:1      | Reached XP level 2. HP: 27/27 MP: 2/2
   520 | D:1      | Reached XP level 3. HP: 33/33 MP: 3/3
  1048 | D:2      | Reached skill level 3 in Long Blades
  1230 | D:2      | Reached XP level 4. HP: 28/40 MP: 4/4
  1430 | D:2      | Found a shimmering altar of Xom.
  1574 | D:3      | Noticed Grinder
  1576 | D:3      | Paralysed by Grinder for 3 turns
  1740 | D:3      | Noticed Ijyb
  1759 | D:3      | HP: 1/40 [disintegration (10)]
  1761 | D:3      | Killed Ijyb
  1762 | D:3      | Reached skill level 4 in Long Blades
  1777 | D:3      | Noticed Terence
  1944 | D:2      | Paralysed by Grinder for 4 turns
  1948 | D:2      | Killed Grinder
  1949 | D:2      | Reached skill level 1 in Dodging
  1949 | D:2      | Reached XP level 5. HP: 30/47 MP: 5/5
  1949 | D:2      | Reached XP level 6. HP: 35/55 MP: 6/6
  2041 | D:3      | Killed Terence
  2042 | D:3      | Reached skill level 5 in Fighting
  2242 | D:3      | Found a blossoming altar of Fedhas.
  2254 | D:3      | Noticed an oklob plant
  2296 | D:3      | Became a worshipper of Fedhas Madash
  2606 | D:4      | Reached skill level 5 in Long Blades
  2671 | D:4      | Reached XP level 7. HP: 31/61 MP: 7/7
  2686 | D:4      | Reached * piety under Fedhas
  2985 | D:4      | Found a sparkling altar of Nemelex Xobeh.
  3164 | D:4      | Found a white marble altar of Elyvilon.
  3256 | D:4      | Reached skill level 5 in Armour
  3296 | D:5      | Entered Level 5 of the Dungeon
  3404 | D:5      | Found a staircase to the Ecumenical Temple.
  3421 | D:5      | Reached skill level 6 in Long Blades
  3421 | D:5      | Reached skill level 1 in Throwing
  3421 | D:5      | Reached XP level 8. HP: 47/69 MP: 8/8
  3619 | D:5      | Reached ** piety under Fedhas
  3622 | D:5      | Found a broken altar of Ashenzari.
  4417 | D:6      | Found Iwale's Antique Weapon Shoppe.
  4822 | D:6      | Reached skill level 5 in Shields
  5018 | D:6      | Reached skill level 7 in Long Blades
  5038 | D:6      | Reached skill level 1 in Evocations
  5038 | D:6      | Reached XP level 9. HP: 23/70 MP: 5/9
  5287 | D:6      | You fall into a shaft and drop 2 floors!
  5304 | D:8      | Noticed a hornet
  5392 | D:8      | Found a burning altar of Makhleb.
  5567 | D:6      | Noticed a cyclops
  5598 | D:6      | Killed a cyclops
  5599 | D:6      | Reached skill level 8 in Long Blades
  5847 | D:6      | Noticed Jeremiah
  5889 | D:6      | Killed Jeremiah
  6074 | D:7      | Reached skill level 9 in Long Blades
  6074 | D:7      | Found a shimmering altar of Xom.
  6175 | D:7      | Found Qunuilotz's Firing Range.
  6192 | D:7      | Bought a throwing net for 36 gold pieces
  6232 | D:7      | Found an iron altar of Okawaru.
  6646 | D:7      | Reached *** piety under Fedhas
  6674 | D:7      | Reached XP level 10. HP: 67/86 MP: 7/10
  6889 | D:7      | Noticed an orc knight
  6914 | D:7      | HP: 4/86 [orc knight/+2 halberd of flaming (3)]
  6914 | D:7      | Slain by an orc warrior

Illustrated notes

Levels and vault maps discovered:
D:1:      dpeg_arrival_rooms_a, layout_basic, minmay_misc_feat_nine_boxes
D:2:      layout_basic, basic_altar, corner_web_ring, nrook_uturn,
          minmay_tetromino_l2
D:3:      layout_rooms, tgw_fedhas, dk_noncrumbling_3, uniq_terence,
          uniq_grinder, uniq_ijyb
D:4:      layout_cave_pools, lemuel_coloured_pillars_altar,
          nicolae_overflow_hidden_temple, guppyfry_early_orc_mine
D:5:      layout_loops_ring, mainiacjoe_overflow_chevrons,
          minmay_temple_entry_junction
D:6:      layout_cave_pools, serial_shops, shop_fountains, serial_bayou_pond_a,
          minivault_11, nicolae_elevator_lobby_plus, uniq_jeremiah
D:7:      minmay_the_grid_plus_closed [minmay_the_grid_broken_lines,
          minmay_the_grid_spin_star, minmay_the_grid_armoury,
          minmay_the_grid_spikes, minmay_the_grid_prize_trominoes],
          layout_cave_pools, mainiacjoe_overflow_alcove_2,
          mainiacjoe_overflow_alcove_4, nicolae_shop_firing_range
D:8:      layout_basic, amcnicky_altar_gilded, lair_entry_dummy

Skill      XL: |  1  2  3  4  5  6  7  8  9 |
---------------+----------------------------+-----
Fighting       | 4 5 6 7 |  7.5
Long Blades    | 3 4 5 6 7 9 |  9.8
Armour         | 4 5 6 7 |  7.3
Dodging        | 1 2 3 |  3.7
Shields        | 4 5 |  5.6
Throwing       | 1 2 |  2.7
Evocations     | 1 |  1.5
Stealth        | |  0.6
Unarmed Combat | |  0.7

Action                     |  1- 3 |  4- 6 |  7- 9 | 10-12 || total
---------------------------+-------+-------+-------+-------++-------
  Melee: Long sword        |   119 |   132 |   278 |       ||   529
         Unarmed           |       |    12 |       |       ||    12
         Falchion          |       |       |   228 |    35 ||   263
  Throw: Stone             |    12 |    18 |    44 |     3 ||    77
         Javelin           |       |       |    11 |       ||    11
         Throwing net      |       |       |     4 |       ||     4
  Evoke: Wand              |       |     3 |    13 |       ||    16
    Use: Scroll            |     3 |     3 |     7 |     1 ||    14
         Potion            |       |     3 |       |       ||     3
 Armour: Scale mail        |    76 |   157 |   413 |    24 ||   670
         Skin              |       |     2 |       |       ||     2
  Dodge: Dodged            |    42 |    66 |   293 |    14 ||   415
  Block: Buckler           |    24 |    35 |   133 |     3 ||   195

Table legend: (Time is in decaauts)
 A = Elapsed time spent in this place.
 B = Non-inter-level travel time spent in this place.
 C = Inter-level travel time spent in this place.
 D = Time resting spent in this place.
 E = Time spent auto-exploring this place.
 F = Levels seen in this place.
 G = Mean time per level.
                   A        B        C        D        E       F      G
               +--------+--------+--------+--------+--------+-----+--------+
         Total |   7004 |   3087 |   3917 |   1222 |      0 |   8 |  875.5 |
       Dungeon |   7004 |   3087 |   3917 |   1222 |      0 |   8 |  875.5 |
               +--------+--------+--------+--------+--------+-----+--------+

Top non-repeatable levels by time:
     D:5: 1422 daAuts
     D:2: 1188 daAuts
     D:6: 1186 daAuts
     D:7: 857 daAuts
     D:1: 828 daAuts
     D:4: 762 daAuts
     D:3: 601 daAuts
     D:8: 156 daAuts
